 Dungeon Crawl Stone Soup version 0.32-a0-391-gce5c0aab1b (webtiles) character file.

Game seed: 10063041352032366131

108 cforsyth the Slasher (level 4, -5/35 HPs)
             Began as a Coglin Gladiator on Feb 20, 2024.
             Slain by Menkaure (16 damage)
             ... on level 6 of the Dungeon.
             The game lasted 00:02:45 (1909 turns).

cforsyth the Slasher (Coglin Gladiator)             Turns: 1909, Time: 00:02:46

Health: -5/35      AC: 17    Str: 14    XL:     4   Next: 87%
Magic:  4/4        EV:  8    Int:  8    God:
Gold:   128        SH:  0    Dex: 17    Spells: 3/3 levels left

rFire   . . .        a - +0 long sword {Nari}
rCold   . . .        k - +1 dagger (holy) {Agustín}
rNeg    . . .        j - +8 chain mail {ponderous}
rPois   .            c - +0 helmet
rElec   .            (no cloak)
rCorr   .            (no gloves)
SInv    .            (no boots)
Will    .....        (no amulet) Stlth
                     (no ring)
HPRegen 0.25/turn    (no ring)
MPRegen 0.09/turn

%: no passive effects
@: revved, stiff-legged, very slow
A: off-hand wielding, slow wielding, warmup strikes, warmup strides
a: no special abilities


You were on level 6 of the Dungeon.
You visited 1 branch of the dungeon, and saw 4 of its levels.

You collected 128 gold pieces.


Innate Abilities, Weirdness & Mutations

You can wield a second weapon in your off-hand.
It takes a long time for you to wield or remove held weapons.
Your first few attacks do less damage.
Your first movements take longer.


   Skills:
 + Level 3.2 Fighting
 + Level 3.9 Long Blades
 - Level 1.7 Throwing
 + Level 3.5 Dodging


You had 3 spell levels left.
You didn't know any spells.
Your spell library contained the following spells:

 Spells                   Type           Power      Damage    Failure   Level
 Freeze                   Ice            0%         1d3       100%        1
 Frozen Ramparts          Ice            0%         1d1       100%        3
 Hailstorm                Conj/Ice       0%         3d5       100%        3

Inventory:

Hand Weapons
 a - a +0 long sword (weapon) {Nari}
 k - a +1 dagger of holy wrath (worn) {Agustín}
 l - a +0 falchion of holy wrath
Missiles
 d - 3 throwing nets (quivered) {=f}
 e - a javelin
Armour
 b - a +0 leather armour
 c - a +0 helmet (worn)
 j - a +8 chain mail of ponderousness (worn)
Scrolls
 f - 2 scrolls of identify {unknown}
 h - 2 scrolls of teleportation {unknown}
 i - 2 scrolls of fog {unknown}
 m - a scroll of fear {unknown}
 n - a scroll of poison {unknown}
Potions
 g - a potion of curing {unknown}
 o - a potion of heal wounds {unknown}

Dungeon Overview and Level Annotations

Branches:
Dungeon (3/15)

Altars:
Beogh

Shops:
D:2 =

Annotations:
D:6 Menkaure

#. #...#░#..
...#..#..#.. #...
#....# ##.###.#.#####
#######...##.......#
##.......#..#..#..#.#
#...###.#░#...#░#...#
#M@.)..#..#..#...#
#...##$.....[......#
##.# #.....###....##
#. ##...## #..### #
......## #.##
.....### #.# ####.
#.# #. ..# ## ###


You could see Menkaure (fast).


Message History

You miss something with your +1 dagger of holy wrath.
You slash something with your +0 long sword!
Reactivating autopickup.
You feel a bit more experienced.
Menkaure, Prince of Dust comes into view.
Unknown command.
Menkaure shouts!
Menkaure casts a spell.
Menkaure seems to speed up.
You see here a +0 flail.
Menkaure closely misses you.
You barely miss Menkaure with your +1 dagger of holy wrath.
You slash Menkaure with your +0 long sword!
Menkaure blazes with dark energy!
Menkaure hits you!
* * * LOW HITPOINT WARNING * * *
Sorry, you're not good enough to have a special ability.
Unknown command.
You hit Menkaure with your +0 long sword.
Menkaure is heavily damaged.
You hit Menkaure but do no damage.
Menkaure calls on the powers of darkness!
Your body is wracked with pain!
* * * LOW HITPOINT WARNING * * *
You hit Menkaure with your +1 dagger of holy wrath.
Menkaure convulses.
Menkaure is severely damaged.
You barely miss Menkaure with your +0 long sword.
Menkaure hits you!
You die...

Skill      XL: |  1  2  3  4 |
---------------+-------------+-----
Dodging        | 3 |  3.5
Fighting       | 3 |  3.2
Long Blades    | |  3.9
Throwing       | |  1.7

Action                     |  1- 3 |  4- 6 || total
---------------------------+-------+-------++-------
  Melee: Long sword        |    67 |    29 ||    96
         Dagger            |    20 |    26 ||    46
   Stab: Sleeping          |     2 |       ||     2
 Armour: Leather armour    |    24 |       ||    24
         Chain mail        |    14 |    28 ||    42
  Dodge: Dodged            |    34 |    13 ||    47

Levels and vault maps discovered:
D:1:      dpeg_arrival_rhombi, layout_basic
D:2:      layout_basic, hellmonk_ecumenical_altar_defaced_shrine, serial_shops,
          nicolae_shop_window_shopping, hangedman_decor_points,
          chequers_serial_rivers_marsh, corexii_shack
D:3:      layout_loops_cross, cheibrodos_gnoll_hut
D:6:      layout_loops_ring, mainiacjoe_overflow_catwalk_spiral,
          minmay_strange_pillars, uniq_menkaure, uniq_grinder

Notes
Turn   | Place    | Note
-------+----------+-------------------------------------------
     0 | D:1      | cforsyth the Coglin Gladiator began the quest for the Orb.
     0 | D:1      | Reached XP level 1. HP: 16/16 MP: 1/1
   177 | D:1      | Reached XP level 2. HP: 18/22 MP: 2/2
   314 | D:1      | Reached skill level 3 in Dodging
   622 | D:1      | Reached XP level 3. HP: 28/28 MP: 3/3
  1076 | D:2      | Found a roughly hewn altar of Beogh.
  1111 | D:2      | Found a faded altar of an unknown god.
  1262 | D:2      | Found Qeujut's Jewellery Emporium.
  1278 | D:2      | Reached XP level 4. HP: 34/34 MP: 4/4
  1390 | D:2      | Reached skill level 3 in Fighting
  1882 | D:3      | You fall into a shaft and drop 3 floors!
  1903 | D:6      | Noticed Menkaure
  1909 | D:6      | Slain by Menkaure

Vanquished Creatures
  An orc wizard (D:6)
  5 orcs
  4 ball pythons
  3 bats
  2 endoplasms
  4 goblins
  4 hobgoblins
  5 jackals (D:2)
  4 kobolds
  4 quokkas
  2 frilled lizards
  6 rats
44 creatures vanquished.

Table legend: (Time is in decaauts)
 A = Elapsed time spent in this place.
 B = Non-inter-level travel time spent in this place.
 C = Inter-level travel time spent in this place.
 D = Time resting spent in this place.
 E = Time spent auto-exploring this place.
 F = Levels seen in this place.
 G = Mean time per level.
                   A        B        C        D        E       F      G
               +--------+--------+--------+--------+--------+-----+--------+
         Total |   2074 |   1993 |     81 |      0 |   1675 |   4 |  518.5 |
       Dungeon |   2074 |   1993 |     81 |      0 |   1675 |   4 |  518.5 |
               +--------+--------+--------+--------+--------+-----+--------+

Top non-repeatable levels by time:
     D:1: 1104 daAuts
     D:2: 911 daAuts
     D:6: 29 daAuts
     D:3: 28 daAuts

Table legend:
 A = Non-vault XP
 B = Vault XP
 C = Vault XP percentage of total XP
 D = Non-vault monster count
 E = Vault monster count
 F = Vault count percentage of total count
                 A         B        C        D         E       F
            +---------+---------+-------+---------+---------+-------
      Total |     141 |      14 |   9.0 |      40 |       4 |   9.1
            +---------+---------+-------+---------+---------+-------
        D:1 |      46 |       0 |   0.0 |      17 |       0 |   0.0
        D:2 |      53 |      14 |  20.9 |      20 |       4 |  16.7
        D:6 |      42 |       0 |   0.0 |       3 |       0 |   0.0
            +---------+---------+-------+---------+---------+-------
